 Dungeon Crawl Stone Soup version 0.19-a0-1107-gc676ff4 (webtiles) character file.

12231 mistymad the Grappler (level 11, -9/117 HPs)
             Began as a Troll Earth Elementalist on Aug 9, 2016.
             Killed from afar by a gargoyle (24 damage)
             ... with a stone arrow
             ... in a labyrinth.
             The game lasted 00:25:21 (9221 turns).

mistymad the Grappler (Troll Earth Elementalist)    Turns: 9221, Time: 00:25:22

Health: -9/117     AC:  9    Str: 21    XL:     11   Next: 59%
Magic:  17/17      EV: 10    Int: 14    God:
Gold:   637        SH:  0    Dex: 10    Spells: 3 memorised, 16 levels left

rFire  . . .     SeeInvis .       - Unarmed
rCold  . . .     Gourm    +     r - +0 troll leather armour
rNeg   . . .     Faith    .     (no shield)
rPois  .         Spirit   .     (helmet restricted)
rElec  .         Dismiss  .     J - +1 cloak
rCorr  .         Reflect  .     (gloves unavailable)
SustAt .         Harm     .     (boots unavailable)
MR     .....                    (no amulet)
Stlth  +.........               B - +3 ring of slaying
                                K - +3 ring of strength

@:
A: unfitting armour, claws 3, fast metabolism 3, gourmand, regeneration 2,
shaggy fur 1, tough skin 2
a: no special abilities


You were in a labyrinth.
You were not hungry.

You visited 3 branches of the dungeon, and saw 13 of its levels.
You visited the Abyss 1 time.
You also visited: Labyrinth.

You collected 637 gold pieces.

Inventory:

Hand Weapons
 A - a cursed +1 giant spiked club
Missiles
 b - 189 stones (quivered)
 v - a throwing net
 Q - a large rock
Armour
 r - a +0 troll leather armour (worn)
 J - a +1 cloak (worn)
Jewellery
 B - a +3 ring of slaying (right claw)
 I - an uncursed ring of fire
 K - a +3 ring of strength (left claw)
 S - a +3 ring of strength
Wands
 t - a wand of iceblast (6/15)
 u - a wand of iceblast (5/15)
 x - a wand of lightning (12/15)
 H - a wand of confusion (46/48)
 L - a wand of hasting (0/9)
Scrolls
 c - a scroll of enchant weapon
 f - 3 scrolls of remove curse
 g - 3 scrolls of fear
 h - 5 scrolls of noise
 n - a scroll of amnesia
 o - 6 scrolls of fog
 z - 3 scrolls of enchant armour
 F - a scroll of immolation
Potions
 i - 6 potions of curing
 j - 3 potions of haste
 k - a potion of experience {unknown}
 l - 3 potions of ambrosia
 m - 2 potions of agility {unknown}
 p - 3 potions of degeneration {unknown}
 D - 2 potions of cancellation {unknown}
 E - 2 potions of magic {unknown}
 G - 2 potions of might {unknown}
Comestibles
 a - 4 slices of pizza
 d - 9 bread rations
 q - 6 meat rations
 s - 3 beef jerkies
 N - 10 fruits
 R - a royal jelly


   Skills:
 + Level 9.8 Fighting
 + Level 3.6 Dodging
 - Level 1.1 Stealth
 + Level 11.5 Unarmed Combat
 - Level 5.1 Spellcasting
 - Level 0.6 Transmutations
 - Level 2.6 Earth Magic


You had 16 spell levels left.
You knew the following spells:

 Your Spells              Type           Power        Failure   Level  Hunger
a - Passwall              Tmut/Erth      #.........   17%         2    ##.....
b - Summon Butterflies    Summ           #.......     21%         1    None
c - Confusing Touch       Hex            #.....       21%         1    None


Dungeon Overview and Level Annotations

Branches:
Dungeon (11/15)            Temple (1/1) D:7            Lair (1/6) D:10
    Orc (0/2) D:10

Altars:
Ashenzari
Cheibriados
Dithmenos
Elyvilon
Fedhas
Gozag
Hepliaklqana
Kikubaaqudgha
Makhleb
Nemelex Xobeh
Okawaru
Pakellas
Qazlal
Ru
Sif Muna
Trog
Uskayaw
Vehumet
Xom
Yredelemnul
Zin
The Shining One

Shops:
D:5 [   D:10 %


Innate Abilities, Weirdness & Mutations

You are too large for most types of armour.
You have claws for hands.
Your metabolism is lightning-fast.
You like to eat raw meat.
You heal very quickly.
You are covered in fur. (AC +1)
You have very tough skin. (AC +2)


Message History

The gargoyle is almost destroyed.
The gargoyle hits you with a dire flail!
You take 10 damage, and have 46/117 hp.
You scratch the gargoyle but do no damage.
The gargoyle is almost destroyed.
The gargoyle hurls a stone arrow at you.
The stone arrow hits you!
* * * LOW HITPOINT WARNING * * *
You take 23 damage, and have 23/117 hp.
Unknown command.
You barely miss the gargoyle.
The gargoyle is almost destroyed.
The gargoyle hurls a stone arrow at you.
The stone arrow hits you!
* * * LOW HITPOINT WARNING * * *
You take 21 damage, and have 2/117 hp.
You feel better.
The gargoyle hurls a stone arrow at you.
The stone arrow hits you!
You die...

#.#.# #.#.##
. ..#.. #.#.#
# #. #...#.#
###.#.#.#
#9.#....# . #
#<|#9.# # .#
#.9...#.#@#
..##.
.#.#.### # ..
###.....# .#
# #.
####..####.##
.# .. ..)##..
..#.. . # #
#.##..######
# # #.. #. )
. # # #. ## #
.### . .....


You could see a gargoyle.

Vanquished Creatures
  A minotaur (Lab)
  The ghost of mistymad the Grappler, a novice TrEE (D:8)
  A hill giant (D:10)
  A deep elf mage (D:10)
  Psyche (D:9)
  3 gargoyles (Lab)
  The ghost of Leszczynek the Slasher, a novice HEGl (D:5)
  A spiny frog (Lair:1)
  A troll (D:8)
  A merfolk (D:9)
  A two-headed ogre (D:7)
  3 yaks (Lair:1)
  A human (D:10)
  3 wyverns
  2 hungry ghosts
  Menkaure (D:5)
  Edmund (D:6)
  2 hell hounds (D:10)
  Duvessa (D:6)
  7 orc warriors
  A black bear (D:9)
  4 sky beasts
  An ice beast (D:11)
  2 phantoms
  A wolf (Lair:1)
  4 ogres
  2 centaurs
  A crocodile (D:8)
  6 giant frogs
  A wyvern zombie (D:7)
  A gnoll sergeant (D:7)
  Dowan (D:6)
  3 scorpions
  5 wights (D:8)
  11 killer bees (D:9)
  3 howler monkeys (D:10)
  2 crimson imps
  5 centaur zombies
  A giant frog zombie (D:7)
  A quasit (D:9)
  2 hounds
  2 jellies
  7 orc priests
  15 orc wizards
  A centaur skeleton (D:7)
  4 iguanas
  Ijyb (D:2)
  Terence (D:2)
  7 worker ants
  2 hound skeletons (D:4)
  A worker ant zombie (D:5)
  12 adders
  18 gnolls
  5 river rats (Lair:1)
  3 shadow imps
  An adder zombie (D:5)
  A dart slug (D:2)
  5 giant geckos
  27 orcs
  4 giant cockroaches
  6 goblins
  12 hobgoblins
  6 jackals (D:3)
  11 kobolds
  A quokka (D:6)
  4 bats
  A giant gecko zombie (D:5)
  3 giant newts
  A jackal skeleton (D:6)
  9 rats
263 creatures vanquished.

Vanquished Creatures (others)
  A hound skeleton (D:10)
1 creature vanquished.

Grand Total: 264 creatures vanquished

Notes
Turn   | Place    | Note
-------+----------+-------------------------------------------
     0 | D:1      | mistymad the Troll Earth Elementalist began the quest for the Orb.
     0 | D:1      | Reached XP level 1. HP: 16/16 MP: 1/1
    85 | D:1      | Reached skill level 1 in Unarmed Combat
    92 | D:1      | Reached XP level 2. HP: 26/26 MP: 2/2
   148 | D:1      | Reached skill level 1 in Fighting
   619 | D:2      | Reached skill level 2 in Unarmed Combat
   619 | D:2      | Reached XP level 3. HP: 22/33 MP: 3/3
   713 | D:2      | Reached XP level 4. HP: 36/42 MP: 4/4
   820 | D:2      | Found a glowing silver altar of Zin.
  1227 | D:2      | Noticed Ijyb
  1234 | D:2      | Noticed Terence
  1242 | D:2      | Killed Ijyb
  1242 | D:2      | Reached skill level 3 in Unarmed Combat
  1255 | D:2      | Killed Terence
  1255 | D:2      | Reached XP level 5. HP: 41/50 MP: 5/5
  2464 | D:4      | Reached XP level 6. HP: 58/61 MP: 7/7
  2528 | D:4      | Reached skill level 4 in Unarmed Combat
  2790 | D:5      | Entered Level 5 of the Dungeon
  2894 | D:5      | Learned a level 1 spell: Summon Butterflies
  2928 | D:5      | Found Majov's Armour Emporium.
  3026 | D:5      | Reached XP level 7. HP: 64/67 MP: 9/9
  3099 | D:5      | Found a bloodstained altar of Trog.
  3159 | D:5      | Noticed Menkaure
  3168 | D:5      | Killed Menkaure
  3319 | D:5      | Reached skill level 5 in Unarmed Combat
  3388 | D:5      | Noticed Leszczynek's ghost (novice HEGl)
  3496 | D:5      | Killed Leszczynek's ghost
  3496 | D:5      | Reached XP level 8. HP: 68/79 MP: 9/11
  4208 | D:6      | Reached skill level 6 in Unarmed Combat
  4234 | D:6      | Reached skill level 5 in Fighting
  4318 | D:6      | Noticed Duvessa
  4322 | D:6      | Killed Duvessa
  4323 | D:6      | Noticed Dowan
  4335 | D:6      | Killed Dowan
  4411 | D:6      | Found a deep blue altar of Sif Muna.
  4466 | D:6      | Noticed Edmund
  4482 | D:6      | Killed Edmund
  4629 | D:6      | Found a snail-covered altar of Cheibriados.
  4629 | D:6      | Found an iron altar of Okawaru.
  4781 | D:7      | Found a shattered altar of Ashenzari.
  4795 | D:7      | Noticed a two-headed ogre
  4800 | D:7      | Killed a two-headed ogre
  4800 | D:7      | Reached skill level 7 in Unarmed Combat
  4800 | D:7      | Reached XP level 9. HP: 89/89 MP: 13/13
  4928 | D:7      | Found a staircase to the Ecumenical Temple.
  4951 | Temple   | Entered the Ecumenical Temple
  5597 | D:7      | Learned a level 2 spell: Passwall
  5669 | D:8      | Reached skill level 8 in Unarmed Combat
  5759 | D:8      | Noticed a troll
  5764 | D:8      | Killed a troll
  5793 | D:8      | Noticed mistymad's ghost (novice TrEE)
  5996 | D:9      | Found an opulent altar of Gozag.
  6042 | D:9      | Reached XP level 10. HP: 62/102 MP: 15/15
  6090 | D:9      | Reached skill level 9 in Unarmed Combat
  7014 | D:8      | Killed mistymad's ghost
  7014 | D:8      | Reached skill level 10 in Unarmed Combat
  7198 | D:8      | Found a basalt altar of Yredelemnul.
  7306 | D:8      | Found a white marble altar of Elyvilon.
  7390 | D:10     | Entered Level 10 of the Dungeon
  7390 | D:10     | Noticed a hill giant
  7518 | D:10     | Found a staircase to the Orcish Mines.
  7518 | D:10     | Found Fiajir's Food Emporium.
  7630 | D:10     | Killed a hill giant
  7735 | D:10     | Found a staircase to the Lair.
  7758 | D:10     | Reached XP level 11. HP: 115/115 MP: 17/17
  7804 | D:10     | Noticed Psyche
  7831 | D:10     | Reached skill level 5 in Spellcasting
  7861 | D:10     | Noticed a deep elf mage
  7870 | D:10     | Cast into level 1 of the Abyss (Psyche)
  7885 | D:10     | Escaped the Abyss
  7889 | D:9      | Killed Psyche
  8106 | D:10     | Killed a deep elf mage
  8288 | D:10     | Reached skill level 11 in Unarmed Combat
  8504 | D:10     | Found a deep blue altar of Sif Muna.
  8588 | D:11     | Noticed a seven-headed hydra
  8626 | Lair:1   | Entered Level 1 of the Lair of Beasts
  8713 | Lair:1   | Found a labyrinth entrance.
  8749 | Lair:1   | Learned a level 1 spell: Confusing Touch
  8753 | Lab      | Entered a labyrinth
  9206 | Lab      | Noticed a minotaur
  9212 | Lab      | Killed a minotaur
  9219 | Lab      | HP: 2/117 [gargoyle/stone arrow (22)]
  9221 | Lab      | Killed from afar by a gargoyle

Vault maps used:
D:1:      saegor_arrival_simple_e
D:2:      lemuel_round_altar, first_bread, hangedman_decor_growths, uniq_iyjb,
          uniq_terence
D:5:      serial_shops, shop, trog_butcher_becter, uniq_menkaure
D:6:      amethyst_overflow_temple_binary, hex_medium, led_sif_book,
          uniq_duvessa, uniq_edmund
D:7:      nicolae_ashenzari_panopticon
D:8:      kennysheep_ying_yang
D:9:      kennysheep_spiral_hall, lemuel_crystal_altar
D:10:     kennysheep_orc_sif_temple, minmay_lair_entry_lava, david_orc_3,
          serial_shops, shop, hangedman_stone_soup, uniq_psyche
D:11:     mrwooster_statue_mirror, nrook_loot_triangle
Temple:   regret_index_temple_waves
Lair:1:   lab_entry_generic, beast_lair_carwin_6, infiniplex_staircase_pool_2,
          serial_bayou_shore_b
Lab:      nicolae_lab_big_swirl, nicolae_lab_swirl

Skill      XL: |  1  2  3  4  5  6  7  8  9 10 11 |
---------------+----------------------------------+-----
Unarmed Combat | 1 2 3 4 5 7 8 10 11 | 11.5
Fighting       | 1 2 3 4 5 7 9 |  9.8
Spellcasting   | 2 3 4 5 |  5.1
Dodging        | 3 |  3.6
Stealth        | |  1.1
Transmutations | |  0.6
Earth Magic    | |  2.6

Action                   |  1- 3 |  4- 6 |  7- 9 | 10-12 || total
-------------------------+-------+-------+-------+-------++-------
Melee: Unarmed           |    88 |   195 |   298 |   391 ||   972
       Punch             |       |     1 |    13 |    18 ||    32
  Use: Scroll            |       |     1 |    12 |     3 ||    16
       Potion            |       |       |       |     1 ||     1
 Stab: Sleeping          |       |       |     1 |       ||     1
  Eat: Chunk             |     3 |    30 |    34 |    35 ||   102
Armor: Robe              |    35 |    16 |       |       ||    51
       Troll leather arm |       |    49 |    79 |   129 ||   257
Dodge: Dodged            |    44 |    76 |   116 |   149 ||   385
